 Dungeon Crawl Stone Soup version 0.19-a0-1631-gd09ab47 (webtiles) character file.

25 Geomchi the Chiller (level 2, -2/20 HPs)
             Began as a Demigod Ice Elementalist on Sept 19, 2016.
             Slain by a worm (5 damage)
             ... on level 1 of the Dungeon.
             The game lasted 00:01:31 (1175 turns).

Geomchi the Chiller (Demigod Ice Elementalist)      Turns: 1175, Time: 00:01:31

Health: -2/20      AC:  2    Str: 11    XL:     2   Next: 66%
Magic:  2/7        EV: 12    Int: 19    God:
Gold:   37         SH:  0    Dex: 16    Spells: 2 memorised, 2 levels left

rFire  . . .     SeeInvis .     g - -2 dagger (curse)
rCold  . . .     Gourm    .     a - +0 robe
rNeg   . . .     Faith    .     (no shield)
rPois  .         Spirit   .     (no helmet)
rElec  .         Dismiss  .     (no cloak)
rCorr  .         Reflect  .     (no gloves)
MR     .....     Harm     .     (no boots)
Stlth  ++........               (no amulet)
                                (no ring)
                                (no ring)

@: very slightly contaminated
A: high mp 1
a: no special abilities


You were on level 1 of the Dungeon.
You were not hungry.

You visited 1 branch of the dungeon, and saw 1 of its levels.

You collected 37 gold pieces.

Inventory:

Hand Weapons
 g - a cursed -2 dagger (weapon)
Armour
 a - a +0 robe (worn)
Scrolls
 d - a scroll of fear {unknown}
 e - a scroll of recharging {unknown}
 f - a scroll of enchant armour {unknown}
 h - a scroll of noise {unknown}
 i - 3 scrolls of identify {unknown}
 j - 3 scrolls of immolation {unknown}
 k - a scroll of magic mapping {unknown}
 m - a scroll of fog {unknown}
 o - a scroll of random uselessness {unknown}
Potions
 l - a potion of ambrosia {unknown}
 p - a potion of curing {unknown}
Books
 b - a book of Frost

   Spells                             Type                      Level
   a - Freeze                         Ice                          1
   b - Throw Frost                    Conjuration/Ice              2
   c - Ozocubu's Armour               Charms/Ice                   3
   d - Throw Icicle                   Conjuration/Ice              4
   e - Summon Ice Beast               Ice/Summoning                4
Comestibles
 c - a bread ration {@e1}


   Skills:
 - Level 1.7 Dodging
 - Level 1.7 Stealth
 + Level 2.4 Spellcasting
 - Level 0.8 Conjurations
 + Level 3.2 Ice Magic


You had 2 spell levels left.
You knew the following spells:

 Your Spells              Type           Power        Failure   Level  Hunger
a - Freeze                Ice            ##..         6%          1    #......
b - Throw Frost           Conj/Ice       ##....       12%         2    ##.....


Dungeon Overview and Level Annotations

Branches:
Dungeon (1/15)


Innate Abilities, Weirdness & Mutations

You have an increased reservoir of magic. (+10% MP)


Message History

You see here a stone.
A worm comes into view.
MP restored: 7
Aim: a worm You freeze the worm.
You now have 6/7 mp.
Aim: a worm (lightly wounded)
You miscast Freeze.
You are very lightly contaminated with residual magic.
Nothing appears to happen.
The worm bites you!
You take 8 damage, and have 12/20 hp.
MASSIVE DAMAGE!!
You now have 5/7 mp.
Aim: a worm You freeze the worm.
The worm bites you!
* * * LOW HITPOINT WARNING * * *
You take 9 damage, and have 3/20 hp.
MASSIVE DAMAGE!!
You now have 4/7 mp.
Aim: a worm (lightly wounded)
You freeze the worm.
Aim: a worm (moderately wounded)
You freeze the worm. The worm bites you.
You die...

##...#.######.........#.......†.#
...............>.......#.##......
###.#.............#.#.......###..
....#.............#.#......†...).
#####.............#.##......###..
# #.............#......##.###.. #
##.###......#..####..#.....#..
####...#######.#w.......#(#.#.#..
...#...#.....#.#@#####........#.#
>..'...'.....#.#....#####(#...#.#
...##.##.....#.####..............
#####.########.# #..###......#..
..##...# ..# #..##.#.....>..
..##...# ..# #.............#
'####.######## ##.######.....#
...##.##.....# #.....###.####
...'...'..<.(# #####.#...#


You could see a worm.

Vanquished Creatures
  A dart slug (D:1)
  A leopard gecko (D:1)
  2 bats (D:1)
  A goblin (D:1)
  4 hobgoblins (D:1)
  3 jackals (D:1)
  2 kobolds (D:1)
  2 ball pythons (D:1)
  A frilled lizard (D:1)
  4 rats (D:1)
21 creatures vanquished.

Notes
Turn   | Place    | Note
-------+----------+-------------------------------------------
     0 | D:1      | Geomchi the Demigod Ice Elementalist began the quest for the Orb.
     0 | D:1      | Reached XP level 1. HP: 14/14 MP: 5/5
   357 | D:1      | Reached skill level 3 in Ice Magic
   425 | D:1      | Reached XP level 2. HP: 20/20 MP: 2/7
   619 | D:1      | Learned a level 2 spell: Throw Frost
  1175 | D:1      | Slain by a worm

Vault maps used:
D:1:      dpeg_arrival_houses_and_road

Skill      XL: |  1 |
---------------+----+-----
Spellcasting   | 2 |  2.4
Ice Magic      | 3 |  3.2
Dodging        | |  1.7
Stealth        | |  1.7
Conjurations   | |  0.8

Action                   || total
-------------------------++-------
Melee: Dagger            ||    11
       Unarmed           ||     1
 Cast: Freeze            ||    37
  Eat: Chunk             ||     1
Armor: Robe              ||     5
Dodge: Dodged            ||    24
